AoeStats
← Valhalin

MegaRandom

510877112Analyzed
2v2 RM · 14h ago on Oct 2, 2026· 61m 37s· 4 players
Game mode
Random Map
Map size
Medium (4 player)
Population
200
Speed
Normal
Resources
Standard
Victory
Conquest
Starting age
Dark Age
Ending age
Imperial Age
RankedLock teamsTeams togetherTeam positionsShared explorationLock speedFull tech treeHidden civsTurbo modeCheats
Victory
Defeat
🇨🇭 Magyars · Switzerland
1322
+14
🇺🇸 Danes · United States
1248
+17
🇨🇱 Vikings · Chile
1356
-20
🇦🇷 Cumans · Argentina
1175
-11
Femboy Hooters
7:11 Loom
9:55 Feudal Age
13:42 Double-Bit Axe
16:54 Castle Age
14:47 Horse Collar
21:33 Wheelbarrow
27:21 Heavy Plow
27:29 Scale Mail Armor
27:41 Forging
31:09 Squires
30:54 Gambesons
30:55 Arson
31:29 Chain Mail Armor
35:36 Iron Casting
38:05 Fletching
40:53 Imperial Age
41:59 Conscription
41:05 Cranequins
41:50 Thumb Ring
42:11 Bodkin Arrow
42:16 Padded Archer Armor
43:36 Bracer
43:52 Leather Archer Armor
44:37 Blast Furnace
44:07 Gold Mining
44:08 Stone Mining
44:49 Heavy Mounted Crossbowman
46:01 Ballistics
46:41 Chemistry
46:32 Ring Archer Armor
47:34 Hoardings
47:20 Husbandry
47:31 Bloodlines
47:41 Town Watch
48:13 Hand Cart
49:54 Plate Mail Armor
51:06 Northmen's Fury
51:56 Siege Engineers
52:12 Elite Jomsviking
56:16 Onager
57:08 Hamask
58:01 Heavy Scorpion
58:03 Siege Onager
ink55
3:21 Loom
11:04 Feudal Age
12:13 Double-Bit Axe
12:58 Horse Collar
18:07 Fletching
23:52 Castle Age
22:40 Gold Mining
23:05 Bloodlines
23:23 Stone Mining
23:57 Scale Barding Armor
25:11 Chain Barding Armor
25:50 Husbandry
28:11 Gold Shaft Mining
29:42 Wheelbarrow
30:27 Bow Saw
35:43 Imperial Age
34:20 Heavy Plow
34:19 Bodkin Arrow
35:51 Thumb Ring
36:11 Padded Archer Armor
36:59 Conscription
37:36 Ballistics
37:27 Cavalier
38:36 Parthian Tactics
39:48 Plate Barding Armor
39:25 Town Watch
40:18 Bracer
41:54 Chemistry
42:33 Hand Cart
43:38 Corvinian Army
43:48 Heavy Cavalry Archer
44:30 Recurve Bow
45:57 Leather Archer Armor
46:52 Masonry
47:34 Elite Magyar Huszar
50:03 Ring Archer Armor
51:56 Siege Engineers
61:40 Hoardings
Valhalin
4:11 Loom
11:36 Feudal Age
17:45 Double-Bit Axe
19:53 Wheelbarrow
19:13 Horse Collar
23:26 Castle Age
22:34 Bloodlines
24:29 Scale Barding Armor
25:18 Forging
25:47 Bow Saw
25:39 Heavy Plow
27:23 Hand Cart
30:50 Chain Barding Armor
32:20 Steppe Husbandry
32:31 Capped Ram
34:21 Iron Casting
35:39 Town Watch
39:30 Imperial Age
38:27 Town Patrol
41:28 Blast Furnace
41:21 Squires
42:34 Gold Mining
42:34 Stone Mining
43:26 Plate Barding Armor
42:31 Elite Steppe Lancer
43:44 Conscription
45:37 Cavalier
48:54 Two-Man Saw
49:14 Paladin
58:10 Crop Rotation
TioNachoooi
7:02 Loom
10:11 Feudal Age
11:54 Double-Bit Axe
11:50 Horse Collar
14:10 Fletching
22:41 Castle Age
21:39 Padded Archer Armor
22:44 Crossbowman
23:28 Bodkin Arrow
24:01 Bow Saw
24:25 Pikeman
25:30 Scale Mail Armor
28:39 Ballistics
28:56 Squires
33:45 Heavy Plow
36:55 Imperial Age
35:45 Leather Archer Armor
36:58 Arbalester
37:51 Gold Mining
39:50 Chemistry
42:15 Conscription
42:01 Bogsveigar
43:11 Bracer
45:26 Capped Ram
47:49 Gold Shaft Mining
48:28 Siege Engineers
50:02 Siege Ram
51:52 Ring Archer Armor
54:40 Elite Skirmisher
Connection lost

Rejoining the realm…

Still unreachable

The connection could not be restored.

Session expired

The server has moved on; the page needs a fresh start.